 Dungeon Crawl Stone Soup version 0.30.0-29-ga12c61a403 (webtiles) character file.

Game seed: 3447788488915007657

281 qw the Chopper (level 6, -1/38 HPs)
             Began as a Gargoyle Fighter on June 4, 2023.
             Was an Initiate of Okawaru.
             Killed from afar by Sigmund (8 damage)
             ... with a bolt of dispelling energy
             ... on level 5 of the Dungeon.
             The game lasted 00:01:48 (3901 turns).

qw the Chopper (Gargoyle Fighter)                   Turns: 3901, Time: 00:01:48

Health: -1/38      AC: 18    Str: 22    XL:     6   Next: 27%
Magic:  6/6        EV:  6    Int:  8    God:    Okawaru [......]
Gold:   114        SH:  4    Dex:  9    Spells: 5/5 levels left

rFire   x . .        Y - +1 war axe
rCold   + + .        c - +0 buckler
rNeg    + . .        i - +0 plate armour
rPois   inf          k - +1 helmet
rElec   +            (no cloak)
rCorr   .            (no gloves)
SInv    +            (no boots)
Will    .....        (no amulet) Stlth
                     e - ring of protection from cold
HPRegen 0.26/turn    m - ring of Disaster {Ice Drain rPois SInv}
MPRegen 0.10/turn

%: no passive effects
@: no status effects
A: sickness immunity, AC +4, negative energy resistance 1, electricity
resistance, torment resistance 1, petrification resistance
a: Renounce Religion


You were on level 5 of the Dungeon.
You worshipped Okawaru.
Okawaru was noncommittal.
You visited 1 branch of the dungeon, and saw 5 of its levels.

You collected 246 gold pieces.
You spent 132 gold pieces at shops.


Innate Abilities, Weirdness & Mutations

You are immune to sickness and miasma.
Your stone body is resilient. (AC +4)
You are immune to poison.
You resist negative energy. (rN+)
You are resistant to electric shocks. (rElec)
You are resistant to unholy torment.
You are immune to petrification.


   Skills:
 - Level 4.2 Fighting
 - Level 5.4 Axes
 + Level 0.1 Throwing
 - Level 3.2 Armour
 - Level 3.2 Shields


You had 5 spell levels left.
You didn't know any spells.
Your spell library was empty.

Inventory:

Hand Weapons
 j - a +0 flail
 Y - a +1 war axe (weapon)
Missiles
 f - 2 boomerangs of dispersal
 n - a boomerang (quivered)
Armour
 c - a +0 buckler (worn)
 i - a +0 plate armour (worn)
 k - a +1 helmet (worn)
Jewellery
 e - a ring of protection from cold (left hand)
 m - the ring of Disaster (right hand) {Ice Drain rPois SInv}
   (You found it on level 4 of the Dungeon)

   [ring of ice]

   It enhances your ice magic.
   rF:        It makes you vulnerable to fire.
   rC:        It protects you from cold.
   rPois:     It protects you from poison.
   SInv:      It lets you see invisible.
   Drain:     It drains your maximum health when unequipped.
Scrolls
 a - 2 scrolls of identify
Potions
 b - a potion of flight {unknown}
 d - a potion of might
 h - a potion of haste
 o - a potion of lignification
 p - a potion of magic
 q - a potion of heal wounds {unknown}

Dungeon Overview and Level Annotations

Branches:
Dungeon (5/15)
 Temple: D:4-7

Altars:
Ashenzari
Dithmenos
Elyvilon
Gozag
Hepliaklqana
Nemelex Xobeh
Okawaru
Qazlal
Ru
Sif Muna
Trog
Vehumet
Wu Jian

Shops:
D:3 !   D:4 =[

Annotations:
D:5 Sigmund


Message History

Sigmund is almost dead.
Sigmund zaps a wand.
The bolt of dispelling energy hits you but does no damage.
The iguana barely misses you.
You closely miss Sigmund.
Sigmund is almost dead.
You hit the iguana. Sigmund casts a spell at you.
The puff of flame hits you but does no damage.
The iguana bites you but does no damage.
Sigmund barely misses you.
You barely miss Sigmund.
Sigmund is almost dead.
You closely miss the iguana.
The iguana bites you but does no damage.
You barely miss Sigmund.
Sigmund is almost dead.
You hit the iguana but do no damage. The iguana bites you.
Sigmund barely misses you.
The iguana bites you but does no damage.
You closely miss Sigmund.
Sigmund is almost dead.
You hit the iguana but do no damage.
Sigmund points at you and mumbles some strange words.
You resist with some effort. The iguana bites you.
You closely miss Sigmund.
Sigmund is almost dead.
You hit the iguana.
Sigmund zaps a wand.
The bolt of dispelling energy hits you! The iguana bites you.
Sigmund hits you but does no damage.
You barely miss Sigmund.
Sigmund is almost dead.
You hit the iguana. You block the iguana's attack.
You barely miss Sigmund.
Sigmund is almost dead.
You hit the iguana but do no damage. The iguana bites you.
Sigmund zaps a wand.
The bolt of dispelling energy hits you!
You die...

#.... ......
#.... ......
#....# ......
#....##......
#............
#............
#....@l......
#....@)......
#.....)..>...
#....##......
#....##########
#....#........#
#....#........#
#..).'...<....#
#....#..#....##
##############


You could see Sigmund and an iguana.

Vanquished Creatures
  An iguana (D:4)
  A sleepcap (D:4)
  10 gnolls
  4 adders
  3 worms
  2 dart slugs
  5 orcs
  3 bats
  7 endoplasms
  3 giant cockroaches
  11 goblins
  5 hobgoblins
  2 jackals (D:1)
  11 kobolds
  2 quokkas
  4 ball pythons
  6 frilled lizards
  9 rats
89 creatures vanquished.

Notes
Turn   | Place    | Note
-------+----------+-------------------------------------------
     0 | D:1      | qw the Gargoyle Fighter began the quest for the Orb.
     0 | D:1      | Reached XP level 1. HP: 14/14 MP: 1/1
     0 | D:1      | 0 ||| qw: Version: 0.2-a-107-g4668610
     0 | D:1      | 0 ||| qw: Game counter: 1175
     0 | D:1      | 0 ||| qw: Always use a shield: true
     0 | D:1      | 0 ||| qw: God list: Okawaru
     0 | D:1      | 0 ||| qw: Allow faded altars: false
     0 | D:1      | 0 ||| qw: Do Orc after D:15 true
     0 | D:1      | 0 ||| qw: Do second Lair branch before Depths: true
     0 | D:1      | 0 ||| qw: Lair rune preference: random
     0 | D:1      | 0 ||| qw: Plans: Normal, Zot:1-4, Slime:5, God:TSO, Crypt,
                  | Tomb, Abyss, Pan, Hells, Win
     0 | D:1      | 0 ||| PLANNING D:1-11
   114 | D:1      | Reached skill level 2 in Axes
   151 | D:1      | 151 ||| Stepping ~*~*~tactically~*~*~ (stealth).
   152 | D:1      | 152 ||| Stepping ~*~*~tactically~*~*~ (stealth).
   184 | D:1      | Reached XP level 2. HP: 19/19 MP: 2/2
   226 | D:1      | 226 ||| Stepping ~*~*~tactically~*~*~ (stealth).
   263 | D:1      | 263 ||| Stepping ~*~*~tactically~*~*~ (stealth).
   426 | D:1      | Reached skill level 3 in Axes
   467 | D:1      | Reached XP level 3. HP: 19/23 MP: 3/3
   495 | D:1      | 495 ||| DROPPING +0 club.
   716 | D:1      | 716 ||| Stepping ~*~*~tactically~*~*~ (hiding).
   718 | D:1      | 718 ||| Stepping ~*~*~tactically~*~*~ (hiding).
   720 | D:1      | 720 ||| Stepping ~*~*~tactically~*~*~ (hiding).
   860 | D:1      | 860 ||| UPGRADING to +0 plate armour.
   870 | D:1      | 870 ||| DROPPING +0 scale mail.
   871 | D:1      | 871 ||| READING scroll labelled FUSCHE COULY.
   872 | D:1      | 872 ||| READING scroll labelled DELYGHEGO.
   873 | D:1      | 873 ||| READING scroll labelled YLELLI XUONG.
   974 | D:1      | 974 ||| DRINKING 2 golden potions.
  1194 | D:2      | Found a faded altar of an unknown god.
  1290 | D:2      | 1290 ||| Stepping ~*~*~tactically~*~*~ (hiding).
  1507 | D:2      | Reached XP level 4. HP: 14/28 MP: 4/4
  1514 | D:2      | 1514 ||| FLEEEEING.
  1549 | D:2      | 1549 ||| FLEEEEING.
  1579 | D:2      | 1579 ||| Stepping ~*~*~tactically~*~*~ (hiding).
  1590 | D:2      | Reached skill level 4 in Axes
  1596 | D:2      | 1596 ||| DROPPING +3 whip.
  1861 | D:2      | 1861 ||| UPGRADING to ring of protection from cold.
  1862 | D:2      | 1862 ||| READING 5 scrolls of identify.
  1862 | D:2      | 1862 ||| IDENTIFYING lumpy grey potion
  1863 | D:2      | 1863 ||| READING 4 scrolls of identify.
  1863 | D:2      | 1863 ||| IDENTIFYING sedimented grey potion
  1864 | D:2      | 1864 ||| READING 3 scrolls of identify.
  1864 | D:2      | 1864 ||| IDENTIFYING amethyst potion
  1865 | D:2      | 1865 ||| DROPPING potion of berserk rage.
  1866 | D:2      | 1866 ||| DROPPING potion of brilliance.
  1952 | D:3      | Found Xideim's Distillery.
  1979 | D:3      | Found an opulent altar of Gozag.
  1982 | D:3      | Found a sparkling altar of Nemelex Xobeh.
  2036 | D:3      | 2036 ||| BUYING potion of lignification (36 gold).
  2036 | D:3      | Bought a potion of lignification for 36 gold pieces
  2036 | D:3      | 2036 ||| BUYING potion of magic (96 gold).
  2036 | D:3      | Bought a potion of magic for 96 gold pieces
  2036 | D:3      | 2036 ||| SHOPLISTING potion of might (48 gold, have 21).
  2036 | D:3      | 2036 ||| SHOPLISTING potion of mutation (96 gold, have 21).
  2060 | D:3      | Reached XP level 5. HP: 30/32 MP: 5/5
  2151 | D:3      | Reached skill level 5 in Axes
  2151 | D:3      | HP: 8/32 [gnoll/+0 spear (2)]
  2153 | D:3      | HP: 3/32 [gnoll/+2 whip of venom (6)]
  2452 | D:3      | 2452 ||| Stepping ~*~*~tactically~*~*~ (stealth).
  2483 | D:3      | Found a bloodstained altar of Trog.
  2483 | D:3      | Found a white marble altar of Elyvilon.
  2486 | D:3      | Found an ornate altar of the Wu Jian Council.
  2490 | D:3      | Found a hazy altar of Hepliaklqana.
  2491 | D:3      | Found a radiant altar of Vehumet.
  2493 | D:3      | Found an iron altar of Okawaru.
  2493 | D:3      | Found a sacrificial altar of Ru.
  2494 | D:3      | 2494 ||| PLANNING OKAWARU WORSHIP
  2494 | D:3      | 2494 ||| UPGRADING to +0 helmet.
  2499 | D:3      | 2499 ||| READING scroll labelled GANTUL TEOC.
  2500 | D:3      | 2500 ||| READING scroll labelled ODDARIM QIARPH.
  2501 | D:3      | 2501 ||| READING 2 scrolls labelled SANNUH JI UJO.
  2502 | D:3      | 2502 ||| READING 2 scrolls of identify.
  2502 | D:3      | 2502 ||| IDENTIFYING emerald potion
  2503 | D:3      | 2503 ||| DROPPING potion of invisibility.
  2504 | D:3      | 2504 ||| DROPPING scroll of poison.
  2505 | D:3      | Found a shadowy altar of Dithmenos.
  2508 | D:3      | Found a stormy altar of Qazlal.
  2509 | D:3      | Became a worshipper of Warmaster Okawaru
  2509 | D:3      | 2509 ||| PLANNING D:1-11
  2512 | D:3      | Found a broken altar of Ashenzari.
  2513 | D:3      | Found a shimmering blue altar of Sif Muna.
  2687 | D:4      | Reached XP level 6. HP: 38/38 MP: 6/6
  2704 | D:4      | Found Soitweo's Antique Armour Boutique.
  2714 | D:4      | 2714 ||| SHOPLISTING shiny ice dragon scales (1953 gold,
                  | have 71).
  2793 | D:4      | Found Kirenyem's Jewellery Shoppe.
  3073 | D:4      | Identified the ring of Disaster {Ice Drain rPois SInv}
  3549 | D:4      | 3549 ||| READING scroll of enchant armour.
  3549 | D:4      | 3549 ||| ENCHANTING +0 helmet.
  3643 | D:4      | Found Turrops's Jewellery Shoppe.
  3647 | D:4      | 3647 ||| SHOPLISTING +4 ring of protection (396 gold, have
                  | 114).
  3647 | D:4      | 3647 ||| SHOPLISTING +6 ring of dexterity (396 gold, have
                  | 114).
  3647 | D:4      | 3647 ||| SHOPLISTING amulet of guardian spirit (330 gold,
                  | have 114).
  3647 | D:4      | 3647 ||| SHOPLISTING ring of Xungenti {rPois rF+ rCorr
                  | Int-5} (320 gold, have 114).
  3647 | D:4      | 3647 ||| SHOPLISTING ring of resist corrosion (220 gold,
                  | have 114).
  3647 | D:4      | 3647 ||| SHOPLISTING ring of see invisible (165 gold, have
                  | 114).
  3647 | D:4      | 3647 ||| SHOPLISTING ring of willpower (275 gold, have
                  | 114).
  3829 | D:4      | 3829 ||| UPGRADING to ring of Disaster {Ice Drain rPois
                  | SInv}.
  3830 | D:4      | 3830 ||| READING scroll labelled ECUNGE GETHRAE.
  3831 | D:4      | 3831 ||| READING scroll labelled UBBUPH UPOS.
  3835 | D:4      | 3835 ||| READING scroll labelled VON FEINNATS.
  3853 | D:5      | Entered Level 5 of the Dungeon
  3863 | D:5      | 3863 ||| Stepping ~*~*~tactically~*~*~ (hiding).
  3865 | D:5      | 3865 ||| Stepping ~*~*~tactically~*~*~ (hiding).
  3881 | D:5      | Noticed Sigmund
  3891 | D:5      | 3891 ||| DRINKING potion of curing.
  3891 | D:5      | 3891 ||| (to cure confusion)
  3901 | D:5      | HP: 7/38 [iguana (3)]
  3901 | D:5      | Killed from afar by Sigmund

Levels and vault maps discovered:
D:1:      giann_bridges, layout_loops_ring, lexackson_kobold_supper
D:2:      layout_loops_cross, hellmonk_ecumenical_altar_leap_of_faith,
          minivault_27
D:3:      layout_rooms, grunt_temple_overflow_opulence,
          nicolae_overflow_hallway_of_the_gods, serial_shops,
          nicolae_shop_waterfront, chequers_jeans, minmay_misc_feat_doors
D:4:      layout_layer_cave, serial_shops, nicolae_shop_back_alley_shop,
          nicolae_shop_gaudy_bauble, nicolae_shop_overgrown_old_shop
D:5:      layout_gridville, uniq_prince_ribbit1, uniq_sigmund

Skill      XL: |  1  2  3  4  5 |
---------------+----------------+-----
Axes           | 2 3 4 5 |  5.4
Fighting       | 4 |  4.2
Throwing       | |  0.1
Armour         | |  3.2
Shields        | |  3.2

Action                     |  1- 3 |  4- 6 || total
---------------------------+-------+-------++-------
  Melee: War axe           |   134 |   140 ||   274
  Throw: Boomerang         |       |    29 ||    29
    Use: Scroll            |     3 |    11 ||    14
         Potion            |     1 |     1 ||     2
 Armour: Scale mail        |    48 |       ||    48
         Plate armour      |    19 |    89 ||   108
  Dodge: Dodged            |    58 |    35 ||    93
  Block: Buckler           |    16 |    37 ||    53

Table legend:
 A = Non-vault XP
 B = Vault XP
 C = Vault XP percentage of total XP
 D = Non-vault monster count
 E = Vault monster count
 F = Vault count percentage of total count
                 A         B        C        D         E       F
            +---------+---------+-------+---------+---------+-------
      Total |     391 |      11 |   2.7 |      81 |       8 |   9.0
            +---------+---------+-------+---------+---------+-------
        D:1 |      37 |      11 |  22.9 |      23 |       8 |  25.8
        D:2 |      99 |       0 |   0.0 |      22 |       0 |   0.0
        D:3 |     142 |       0 |   0.0 |      23 |       0 |   0.0
        D:4 |     104 |       0 |   0.0 |      10 |       0 |   0.0
        D:5 |       9 |       0 |   0.0 |       3 |       0 |   0.0
            +---------+---------+-------+---------+---------+-------
